 Dungeon Crawl Stone Soup version 0.29.0-4-gdea44cf6ec (webtiles) character file.

Game seed: 1386007572752188882

30 qw the Chopper (level 3, -1/23 HPs)
             Began as a Gargoyle Berserker on Sept 7, 2022.
             Was a Follower of Trog.
             Slain by a hobgoblin
             ... wielding a +0 rapier
              (13 damage)
             ... on level 1 of the Dungeon.
             The game lasted 00:00:18 (1044 turns).

qw the Chopper (Gargoyle Berserker)                 Turns: 1044, Time: 00:00:19

Health: -1/23      AC:  5    Str: 22    XL:     3   Next: 18%
Magic:  3/3        EV: 11    Int:  7    God:    Trog [*.....]
Gold:   38         SH:  0    Dex:  9    Spells: 2/2 levels left

rFire   . . .      SeeInvis .   a - +0 hand axe
rCold   . . .      Faith    .   (no shield)
rNeg    + . .      Spirit   .   b - +0 animal skin
rPois   inf        Reflect  .   (no helmet)
rElec   +          Harm     .   (no cloak)
rCorr   .          Rampage  .   (no gloves)
Will    .....                   (no boots)
Stlth   +.........              (no amulet)
HPRegen 0.07/turn               (no ring)
MPRegen 0.08/turn               (no ring)

@: no status effects
A: sickness immunity, AC +3, negative energy resistance 1, electricity
resistance, torment resistance 1, petrification resistance
a: Renounce Religion, Berserk


You were on level 1 of the Dungeon.
You worshipped Trog.
Trog was aware of your devotion.
You visited 1 branch of the dungeon, and saw 1 of its levels.

You collected 38 gold pieces.


Innate Abilities, Weirdness & Mutations

You are immune to sickness and miasma.
Your stone body is resilient. (AC +3)
You are immune to poison.
You resist negative energy. (rN+)
You are resistant to electric shocks. (rElec)
You are resistant to unholy torment.
You are immune to petrification.


   Skills:
 - Level 3.2 Fighting
 + Level 3.8 Axes
 - Level 2.1 Armour
 - Level 1.5 Dodging


You had 2 spell levels left.
You didn't know any spells.
Your spell library was empty.

Inventory:

Hand Weapons
 a - a +0 hand axe (weapon)
 d - a +0 club
Armour
 b - a +0 animal skin (worn)
 e - a +0 helmet
Scrolls
 c - a scroll of vulnerability {unknown}
 f - a scroll of identify {unknown}
 g - a scroll of blinking {unknown}

Dungeon Overview and Level Annotations

Branches:
Dungeon (1/15)

Altars:


Message History

The jackal barks!
The jackal barely misses you.
The jackal bites you but does no damage.
The jackal misses you.
You closely miss the jackal.
The jackal is heavily wounded.
You hit the jackal.
You kill the jackal!
Trog accepts your kill. The jackal bites you. x2
You hit the jackal.
The jackal is almost dead.
You closely miss the jackal.
The jackal bites you but does no damage. x2
You hit the jackal.
You kill the jackal!
Trog accepts your kill.
You barely miss the jackal. The jackal closely misses you.
You closely miss the jackal. You barely miss the jackal. The jackal bites you.
The jackal bites you but does no damage.
The jackal misses you.
You barely miss the jackal. You hit the jackal. The jackal bites you.
The jackal bites you but does no damage. x2
You hit the jackal.
You kill the jackal!
Trog accepts your kill.
You hit the jackal.
The hobgoblin drinks a potion.
The hobgoblin seems to grow stronger.
The jackal bites you.
The hobgoblin throws a boomerang.
The boomerang misses you.
You hit the jackal.
You kill the jackal!
Trog accepts your kill.
You closely miss the hobgoblin.
The hobgoblin hits you with a +0 rapier!
Ouch! That really hurt!
You die...

#...........#
......
#...........#
######
#...........#
#...........#
#....###+####
#........#
#...%.#######
#.....# .....
##..#@#[.....
#..#%g......
#..###......
#.. ...... ..
..... ##
..... ....
####


You could see a hobgoblin (strong).

Vanquished Creatures
  A dart slug (D:1)
  3 endoplasms (D:1)
  2 goblins (D:1)
  4 hobgoblins (D:1)
  4 jackals (D:1)
  2 kobolds (D:1)
  A quokka (D:1)
  A ball python (D:1)
  5 bats (D:1)
23 creatures vanquished.

Notes
Turn   | Place    | Note
-------+----------+-------------------------------------------
     0 | D:1      | qw the Gargoyle Berserker began the quest for the Orb.
     0 | D:1      | Reached XP level 1. HP: 14/14 MP: 1/1
     0 | D:1      | 0 ||| qw: Version: 0.1-a-108-g9e35731
     0 | D:1      | 0 ||| qw: Game counter: 6451
     0 | D:1      | 0 ||| qw: Always use a shield: true
     0 | D:1      | 0 ||| qw: Do Orc after D:15 true
     0 | D:1      | 0 ||| qw: Do second Lair branch before Depths: true
     0 | D:1      | 0 ||| qw: Lair rune preference: random
     0 | D:1      | 0 ||| qw: Plans: Normal
     0 | D:1      | 0 ||| PLANNING D:1-11
   169 | D:1      | Reached skill level 3 in Axes
   333 | D:1      | 333 ||| Stepping ~*~*~tactically~*~*~ (stealth).
   337 | D:1      | 337 ||| Stepping ~*~*~tactically~*~*~ (stealth).
   348 | D:1      | 348 ||| INVOKING Berserk.
   522 | D:1      | Reached XP level 2. HP: 15/19 MP: 2/2
   543 | D:1      | 543 ||| Stepping ~*~*~tactically~*~*~ (stealth).
   544 | D:1      | 544 ||| Stepping ~*~*~tactically~*~*~ (stealth).
   841 | D:1      | 841 ||| Stepping ~*~*~tactically~*~*~ (stealth).
   892 | D:1      | Found a faded altar of an unknown god.
  1032 | D:1      | Reached XP level 3. HP: 23/23 MP: 3/3
  1032 | D:1      | 1032 ||| Stepping ~*~*~tactically~*~*~ (stealth).
  1044 | D:1      | Slain by a hobgoblin

Levels and vault maps discovered:
D:1:      lightli_arrival_flooded_house, layout_basic,
          ebering_ecumenical_altar_box

Skill      XL: |  1 |
---------------+----+-----
Axes           | 3 |  3.8
Fighting       | |  3.2
Armour         | |  2.1
Dodging        | |  1.5

Action                   || total
-------------------------++-------
Melee: Hand axe          ||    72
       Punch             ||     1
Invok: Berserk           ||     1
Armor: Animal skin       ||    22
Dodge: Dodged            ||    46

Table legend:
 A = Non-vault XP
 B = Vault XP
 C = Vault XP percentage of total XP
 D = Non-vault monster count
 E = Vault monster count
 F = Vault count percentage of total count
                 A         B        C        D         E       F
            +---------+---------+-------+---------+---------+-------
      Total |      43 |       0 |   0.0 |      23 |       0 |   0.0
            +---------+---------+-------+---------+---------+-------
        D:1 |      43 |       0 |   0.0 |      23 |       0 |   0.0
            +---------+---------+-------+---------+---------+-------
